 Dungeon Crawl Stone Soup version 0.21-a0-401-g0b6bec4 (webtiles) character file.

1842 Monsterracer the Magician (level 9, -22/65 HPs)
             Began as a Gnoll Ice Elementalist on Oct 24, 2017.
             Was an Initiate of Makhleb.
             Annihilated by a two-headed ogre
             ... wielding a +0 giant club
              (32 damage)
             ... on level 5 of the Dungeon.
             The game lasted 00:13:45 (8426 turns).

Monsterracer the Magician (Gnoll Ice Elementalist)  Turns: 8426, Time: 00:13:46

Health: -22/65     AC: 17    Str: 10    XL:     9   Next: 12%
Magic:  1/18       EV: 16    Int: 22    God:    Makhleb [......]
Gold:   349        SH:  0    Dex: 15    Spells: 8/20 levels left

rFire    . . .     SeeInvis .   b - +4 quarterstaff (chaos)
rCold    . . .     Gourm    .   (shield currently unavailable)
rNeg     + . .     Faith    .   y - +1 robe {Archmagi}
rPois    .         Spirit   .   e - +0 hat
rElec    .         Reflect  .   C - +2 cloak
rCorr    .         Harm     .   (no gloves)
MR       .....                  u - +1 pair of boots
Stlth    +++.......             (no amulet)
HPRegen  0.20/turn              j - ring of positive energy
MPRegen  0.16/turn              (no ring)

@: icy armour, very slightly contaminated, slow
A: distributed training, fangs 1, strong nose
a: Renounce Religion


You were on level 5 of the Dungeon.
You worshipped Makhleb.
Makhleb was noncommittal.
You were not hungry.

You visited 2 branches of the dungeon, and saw 7 of its levels.

You collected 349 gold pieces.

Inventory:

Hand Weapons
 a - a +0 trident
 b - a +4 quarterstaff of chaos (weapon)
Armour
 e - a +0 hat (worn)
 u - a +1 pair of boots (worn)
 y - a +1 robe of the Archmagi (worn)
 C - a +2 cloak (worn)
Jewellery
 j - a ring of positive energy (left hand)
Wands
 p - a wand of lightning (5/15)
Scrolls
 d - a scroll of enchant weapon
 i - 5 scrolls of remove curse
 m - 2 scrolls of teleportation
 n - 8 scrolls of fog
 s - a scroll of magic mapping
 t - a scroll of amnesia
Potions
 f - a potion of berserk rage {unknown}
 g - a potion of heal wounds
 h - a potion of brilliance {unknown}
 l - 3 potions of curing
 o - a potion of magic
 r - a potion of mutation
 v - a potion of resistance
Comestibles
 c - a bread ration
 k - 4 chunks of flesh
 x - a meat ration
 z - 2 royal jellies


   Skills:
 + Level 3.8 Fighting
 + Level 3.8 Short Blades
 + Level 3.8 Long Blades
 + Level 3.8 Axes
 + Level 3.8 Maces & Flails
 + Level 3.8 Polearms
 + Level 3.8 Staves
 + Level 3.8 Slings
 + Level 3.8 Bows
 + Level 3.8 Crossbows
 + Level 3.8 Throwing
 + Level 3.8 Armour
 + Level 6.0 Dodging
 + Level 5.7 Stealth
 + Level 3.8 Shields
 + Level 3.8 Unarmed Combat
 + Level 6.4 Spellcasting
 + Level 3.9 Conjurations
 + Level 3.1 Hexes
 + Level 3.1 Charms
 + Level 3.1 Summonings
 + Level 3.1 Necromancy
 + Level 3.1 Translocations
 + Level 3.1 Transmutations
 + Level 3.1 Fire Magic
 + Level 6.3 Ice Magic
 + Level 3.1 Air Magic
 + Level 3.1 Earth Magic
 + Level 3.1 Poison Magic
 + Level 4.2 Invocations
 + Level 3.8 Evocations


You had 8 spell levels left.
You knew the following spells:

 Your Spells              Type           Power        Failure   Level  Hunger
a - Freeze                Ice            ####         1%          1    None
b - Throw Icicle          Conj/Ice       #####...     11%         4    ###....
c - Ozocubu's Armour      Chrm/Ice       #####...     3%          3    #......
d - Summon Ice Beast      Ice/Summ       #####...     12%         4    ###....


Dungeon Overview and Level Annotations

Branches:
Dungeon (6/15)             Temple (1/1) D:6

Altars:
Ashenzari
Cheibriados
Dithmenos
Elyvilon
Fedhas
Gozag
Hepliaklqana
Kikubaaqudgha
Makhleb
Qazlal
Ru
Sif Muna
Trog
Uskayaw
Vehumet
Wu Jian
Xom
Yredelemnul
Zin
The Shining One


Innate Abilities, Weirdness & Mutations

Your experience applies equally to all skills.
You have very sharp teeth.
Your uncanny sense of smell can sniff out nearby items.


Message History

You kill the worm!
Makhleb accepts your kill.
No target in view!
Found a square cameo amulet.
Found a shattered altar of Ashenzari.
You see here a worm corpse.
No target in view!
A shadow imp comes into view.
The shadow imp shouts, "Remove thy stench, thou ducking tip-merry zombie-fodder!"
The shadow imp hits you.
You take 4 damage, and have 61/65 hp.
You barely miss the shadow imp.
You bite the shadow imp, but do no damage.
The shadow imp hits you but does no damage.
You hit the shadow imp.
The shadow imp seems to speed up.
The shadow imp is moderately wounded.
The shadow imp gestures at you.
You struggle to resist.
The shadow imp hits you but does no damage.
You hit the shadow imp.
The shadow imp's magic leaks into the air.
The shadow imp is severely wounded.
The shadow imp barely misses you.
A shadow imp is nearby!
You hit the shadow imp.
The shadow imp is almost dead.
The shadow imp hits you. The shadow imp gestures at you.
Pain shoots through your body!
You take 2 damage, and have 59/65 hp.
You sock the shadow imp!
You kill the shadow imp!
Makhleb accepts your kill.
No target in view!
You regained 3 hp, and now have 62/65 hp.
Casting: Ozocubu's Armour
Confirm with . or Enter, or press ? or * to list all spells.
You feel a surge of power! A film of ice covers your body!
You now have 15/18 mp.
Casting: Ozocubu's Armour
Confirm with . or Enter, or press ? or * to list all spells.
Aiming: Throw Icicle
Press: ? - help, Shift-Dir - straight line, f - two-headed ogre
Aim: a two-headed ogre, wielding two giant clubs (hasn't noticed you)
You feel a surge of power!
The shard of ice hits the two-headed ogre.
The two-headed ogre is moderately wounded.
The two-headed ogre shouts in stereo!
Health restored: 65 You now have 12/18 mp.
Casting: Throw Icicle
Confirm with . or Enter, or press ? or * to list all spells.
Aiming: Throw Icicle
Press: ? - help, Shift-Dir - straight line, f/p - two-headed ogre
Aim: a two-headed ogre, wielding two giant clubs (moderately wounded)
You feel a surge of power!
The shard of ice hits the two-headed ogre.
The two-headed ogre is moderately wounded.
The two-headed ogre hits you with a giant club!!
The two-headed ogre completely misses you.
You take 22 damage, and have 43/65 hp.
MASSIVE DAMAGE!!
You now have 8/18 mp.
Casting: Throw Icicle
Confirm with . or Enter, or press ? or * to list all spells.
Aiming: Throw Icicle
Press: ? - help, Shift-Dir - straight line, f/p - two-headed ogre
Aim: a two-headed ogre, wielding two giant clubs (moderately wounded)
You feel a surge of power!
You miscast Throw Icicle.
You are very lightly contaminated with residual magic.
Your hair stands on end.
You now have 5/18 mp.
Casting: Throw Icicle
Confirm with . or Enter, or press ? or * to list all spells.
Aiming: Throw Icicle
Press: ? - help, Shift-Dir - straight line, f/p - two-headed ogre
Aim: a two-headed ogre, wielding two giant clubs (moderately wounded)
You feel a surge of power!
The shard of ice hits the two-headed ogre.
The two-headed ogre is heavily wounded.
The two-headed ogre hits you with a giant club!
* * * LOW HITPOINT WARNING * * *
The two-headed ogre hits you but does no damage.
You take 17 damage, and have 26/65 hp.
MASSIVE DAMAGE!!
You now have 1/18 mp.
Unknown command.
You sock the two-headed ogre!
The two-headed ogre is severely wounded.
The two-headed ogre hits you with a giant club.
* * * LOW HITPOINT WARNING * * *
The two-headed ogre closely misses you.
You take 5 damage, and have 21/65 hp.
You hit the two-headed ogre. You burn the two-headed ogre.
The two-headed ogre is almost dead.
The two-headed ogre hits you with a giant club.
* * * LOW HITPOINT WARNING * * *
The two-headed ogre hits you with a giant club.
* * * LOW HITPOINT WARNING * * *
You take 11 damage, and have 10/65 hp.
You hit the two-headed ogre.
The two-headed ogre is almost dead.
The two-headed ogre misses you.
The two-headed ogre hits you with a giant club!!
You die...

..### ...### #.# ...
..⌠.##+.#.⌠#.. ...
#.......... ∆
...###........#####
#.#...#.......#...#
#.'...+..._...+...#∆
#.#...........#...
#.#####.".....#.#
###....#.......@O#
#...#..#⌠.#.+.#.⌠#
##.###..#.##...###..#
...###.....#...# ..#
.....#..†......# .##
.....####..##### ..
.....# #...... ##
...### #.##.#.#
...####.. .....


You could see a two-headed ogre.

Vanquished Creatures
  A hippogriff (D:6)
  The ghost of zero the Chopper, an amateur GrBe of Trog (D:5)
  Sigmund (D:6)
  An orc warrior (D:4)
  An ice beast (D:6)
  3 ogres
  The ghost of gungr the Insei, an amateur OpTm (D:4)
  A bullfrog (D:6)
  2 scorpions (D:4)
  A howler monkey (D:4)
  2 bullfrog zombies
  An orc priest (D:4)
  2 hounds
  Crazy Yiuf (D:6)
  A bullfrog skeleton (D:4)
  5 orc wizards
  5 worker ants
  6 gnolls
  4 adders
  A shadow imp (D:5)
  2 worms
  5 leopard geckos
  6 orcs
  7 bats
  2 giant cockroaches
  5 hobgoblins
  7 jackals
  A quokka (D:3)
  3 ball pythons
  3 frilled lizards
  11 goblins
  7 kobolds
  2 quokka skeletons
  A quokka zombie (D:5)
  5 rats
108 creatures vanquished.

Notes
Turn   | Place    | Note
-------+----------+-------------------------------------------
     0 | D:1      | Monsterracer the Gnoll Ice Elementalist began the quest for the Orb.
     0 | D:1      | Reached XP level 1. HP: 13/13 MP: 6/6
   319 | D:1      | Reached XP level 2. HP: 18/19 MP: 4/7
  1012 | D:2      | HP: 9/20 [kobold/dagger (3)]
  1013 | D:2      | Reached XP level 3. HP: 11/25 MP: 2/9
  1018 | D:2      | Learned a level 3 spell: Ozocubu's Armour
  1019 | D:2      | HP: 9/25 [poisoned by an adder]
  1026 | D:2      | HP: 7/25 [poisoned by an adder]
  1230 | D:2      | Reached skill level 5 in Spellcasting
  1402 | D:2      | Reached skill level 1 in Invocations
  1515 | D:2      | Reached skill level 1 in Fighting
  1515 | D:2      | Reached skill level 1 in Short Blades
  1515 | D:2      | Reached skill level 1 in Long Blades
  1515 | D:2      | Reached skill level 1 in Axes
  1515 | D:2      | Reached skill level 1 in Maces & Flails
  1515 | D:2      | Reached skill level 1 in Polearms
  1515 | D:2      | Reached skill level 1 in Staves
  1515 | D:2      | Reached skill level 1 in Slings
  1515 | D:2      | Reached skill level 1 in Bows
  1515 | D:2      | Reached skill level 1 in Crossbows
  1515 | D:2      | Reached skill level 1 in Throwing
  1515 | D:2      | Reached skill level 1 in Armour
  1515 | D:2      | Reached skill level 1 in Shields
  1515 | D:2      | Reached skill level 1 in Unarmed Combat
  1515 | D:2      | Reached skill level 1 in Evocations
  1776 | D:2      | Reached XP level 4. HP: 32/32 MP: 11/11
  1803 | D:2      | HP: 12/32 [bullfrog zombie (6)]
  1859 | D:2      | Reached skill level 1 in Hexes
  1859 | D:2      | Reached skill level 1 in Charms
  1859 | D:2      | Reached skill level 1 in Summonings
  1859 | D:2      | Reached skill level 1 in Necromancy
  1859 | D:2      | Reached skill level 1 in Translocations
  1859 | D:2      | Reached skill level 1 in Transmutations
  1859 | D:2      | Reached skill level 1 in Fire Magic
  1859 | D:2      | Reached skill level 1 in Air Magic
  1859 | D:2      | Reached skill level 1 in Earth Magic
  1859 | D:2      | Reached skill level 1 in Poison Magic
  1868 | D:2      | Learned a level 4 spell: Summon Ice Beast
  2268 | D:2      | Found a radiant altar of Vehumet.
  2268 | D:2      | Found a bloodstained altar of Trog.
  2477 | D:3      | Learned a level 4 spell: Throw Icicle
  2611 | D:3      | Found a shadowy altar of Dithmenos.
  2904 | D:3      | Reached XP level 5. HP: 29/37 MP: 3/12
  2911 | D:3      | HP: 15/37 [orc wizard/puff of flame (6)]
  2919 | D:3      | HP: 1/37 [orc wizard/magic dart (8)]
  2925 | D:3      | HP: 8/37 [orc wizard/magic dart (4)]
  3012 | D:4      | HP: 15/37 [orc/falchion (3)]
  3394 | D:3      | Found an ornate altar of the Wu Jian Council.
  3458 | D:3      | Reached XP level 6. HP: 33/44 MP: 10/13
  3572 | D:3      | HP: 22/44 [poisoned by an adder]
  3577 | D:3      | HP: 20/44 [poisoned by an adder]
  3583 | D:3      | HP: 17/44 [poisoned by an adder]
  3591 | D:3      | HP: 16/44 [poisoned by an adder]
  3599 | D:3      | HP: 16/44 [poisoned by an adder]
  3992 | D:4      | Reached skill level 5 in Dodging
  4005 | D:4      | Noticed gungr's ghost (amateur OpTm)
  4054 | D:4      | HP: 20/44 [gungr's ghost (7)]
  4316 | D:4      | Killed gungr's ghost
  4647 | D:4      | Noticed an orc warrior
  4653 | D:4      | HP: 13/44 [orc warrior/tomahawk (15)]
  4656 | D:4      | HP: 5/44 [orc warrior/tomahawk (9)]
  4664 | D:5      | Entered Level 5 of the Dungeon
  4675 | D:5      | Noticed a two-headed ogre
  4748 | D:4      | Reached XP level 7. HP: 20/50 MP: 12/15
  5007 | D:4      | HP: 23/50 [orc warrior/tomahawk (8)]
  5021 | D:4      | HP: 24/50 [bullfrog skeleton (2)]
  5028 | D:5      | HP: 16/50 [two-headed ogre/giant club (9)]
  5059 | D:6      | HP: 13/50 [hound (4)]
  5177 | D:6      | HP: 24/50 [bullfrog (5)]
  5183 | D:6      | HP: 20/51 [gnoll/whip (3)]
  5399 | D:6      | Found a white marble altar of Elyvilon.
  5421 | D:6      | HP: 24/51 [ogre/giant club (15)]
  5616 | D:6      | Noticed a hippogriff
  5624 | D:6      | Killed a hippogriff
  5624 | D:6      | Reached skill level 5 in Stealth
  5624 | D:6      | Reached XP level 8. HP: 51/57 MP: 7/16
  5780 | D:6      | Found a runed door.
  5785 | D:6      | Noticed Crazy Yiuf
  5794 | D:6      | Killed Crazy Yiuf
  6026 | D:6      | Noticed Sigmund
  6038 | D:6      | Killed Sigmund
  6327 | D:6      | HP: 28/58 [phantom (2)]
  6334 | D:6      | HP: 23/58 [phantom (7)]
  6341 | D:6      | Found a staircase to the Ecumenical Temple.
  6349 | Temple   | Entered the Ecumenical Temple
  6591 | Temple   | Became a worshipper of Makhleb the Destroyer
  6827 | D:4      | HP: 29/58 [gnoll/spear (6)]
  7138 | D:4      | HP: 29/58 [orc wizard/puff of flame (8)]
  7143 | D:4      | HP: 25/58 [orc wizard/puff of flame (4)]
  7817 | D:5      | HP: 27/58 [two-headed ogre/giant club (31)]
  8060 | D:5      | Noticed zero's ghost (amateur GrBe)
  8093 | D:5      | HP: 29/58 [zero's ghost (1)]
  8095 | D:5      | Killed zero's ghost
  8095 | D:5      | Reached XP level 9. HP: 33/65 MP: 18/18
  8378 | D:5      | Found a shattered altar of Ashenzari.
  8422 | D:5      | HP: 26/65 [two-headed ogre/giant club (17)]
  8425 | D:5      | HP: 10/65 [two-headed ogre/giant club (6)]
  8426 | D:5      | Annihilated by a two-headed ogre

Vault maps used:
D:1:      dpeg_arrival_refuge, st_stairs_8
D:2:      gammafunk_temple_overflow_statue, minmay_goblin_outpost
D:3:      lemuel_coloured_pillars_altar, grunt_dithmenos_smoke
D:4:      guppyfry_early_orc_mine
D:5:      first_bread, evilmike_ruin_ashenzari
D:6:      elyvilon_altar_4, temple_statues, uniq_sigmund,
          uniq_crazy_yiuf_cottage
Temple:   eino_temple_scatter_basement

Skill      XL: |  1  2  3  4  5  6  7  8 |
---------------+-------------------------+-----
Conjurations   | 2 3 |  3.9
Spellcasting   | 5 6 |  6.4
Invocations    | 1 2 3 4 |  4.2
Fighting       | 1 2 3 |  3.8
Short Blades   | 1 2 3 |  3.8
Long Blades    | 1 2 3 |  3.8
Axes           | 1 2 3 |  3.8
Maces & Flails | 1 2 3 |  3.8
Polearms       | 1 2 3 |  3.8
Staves         | 1 2 3 |  3.8
Slings         | 1 2 3 |  3.8
Bows           | 1 2 3 |  3.8
Crossbows      | 1 2 3 |  3.8
Throwing       | 1 2 3 |  3.8
Armour         | 1 2 3 |  3.8
Shields        | 1 2 3 |  3.8
Unarmed Combat | 1 2 3 |  3.8
Evocations     | 1 2 3 |  3.8
Hexes          | 1 2 3 |  3.1
Charms         | 1 2 3 |  3.1
Summonings     | 1 2 3 |  3.1
Necromancy     | 1 2 3 |  3.1
Translocations | 1 2 3 |  3.1
Transmutations | 1 2 3 |  3.1
Fire Magic     | 1 2 3 |  3.1
Air Magic      | 1 2 3 |  3.1
Earth Magic    | 1 2 3 |  3.1
Poison Magic   | 1 2 3 |  3.1
Dodging        | 5 6 |  6.0
Stealth        | 5 |  5.7
Ice Magic      | 6 |  6.3

Action                   |  1- 3 |  4- 6 |  7- 9 || total
-------------------------+-------+-------+-------++-------
Melee: Dagger            |    28 |    77 |       ||   105
       Bite              |     1 |     6 |     9 ||    16
       Short sword       |     1 |       |       ||     1
       Long sword        |       |    35 |     3 ||    38
       Punch             |       |     1 |       ||     1
       Quarterstaff      |       |       |    79 ||    79
 Cast: Freeze            |    31 |    35 |    73 ||   139
       Ozocubu's Armour  |       |     5 |    11 ||    16
       Throw Icicle      |       |       |     5 ||     5
  Use: Potion            |       |     1 |       ||     1
       Scroll            |       |       |    13 ||    13
 Stab: Sleeping          |     5 |     6 |     2 ||    13
       Distracted        |       |       |     1 ||     1
  Eat: Chunk             |     2 |    10 |     7 ||    19
       Bread ration      |       |       |     1 ||     1
       Fruit             |       |       |     1 ||     1
Armor: Robe              |    10 |    23 |    34 ||    67
Dodge: Dodged            |    45 |   109 |   139 ||   293
       Rpst.: Long sword |       |    17 |    17 ||    34

Table legend:
 A = Spawn XP
 B = Non-spawn XP
 C = Spawn XP percentage of total XP
 D = Spawn monster count
 E = Non-spawn monster count
 F = Spawn count percentage of total count
 G = Total turns spent on level
                    A         B        C        D         E        F      G
               +---------+---------+-------+---------+---------+-------+---------
         Total |       0 |    2632 |   0.0 |       0 |     108 |   0.0 |  8426
               +---------+---------+-------+---------+---------+-------+---------
           D:1 |       0 |      16 |   0.0 |       0 |      10 |   0.0 |   894
           D:2 |       0 |     123 |   0.0 |       0 |      25 |   0.0 |  1507
           D:3 |       0 |     162 |   0.0 |       0 |      24 |   0.0 |  1438
           D:4 |       0 |     799 |   0.0 |       0 |      27 |   0.0 |  2549
           D:5 |       0 |     496 |   0.0 |       0 |       9 |   0.0 |   363
           D:6 |       0 |    1036 |   0.0 |       0 |      13 |   0.0 |  1357
               +---------+---------+-------+---------+---------+-------+---------

Vault maps used:
D:1:      dpeg_arrival_refuge, st_stairs_8
D:2:      gammafunk_temple_overflow_statue, minmay_goblin_outpost
D:3:      lemuel_coloured_pillars_altar, grunt_dithmenos_smoke
D:4:      guppyfry_early_orc_mine
D:5:      first_bread, evilmike_ruin_ashenzari
D:6:      elyvilon_altar_4, temple_statues, uniq_sigmund,
          uniq_crazy_yiuf_cottage
Temple:   eino_temple_scatter_basement
